 Dungeon Crawl Stone Soup version 0.30.2 (webtiles) character file.

Game seed: 9654525959589275772

2770 porpoise the Skirmisher (level 9, 0/82 HPs)
             Began as a Minotaur Hunter on Feb 14, 2024.
             Was an Initiate of Hepliaklqana.
             Slain by Prince Ribbit (8 damage)
             ... on level 8 of the Dungeon.
             The game lasted 00:17:34 (8183 turns).

porpoise the Skirmisher (Minotaur Hunter)           Turns: 8183, Time: 00:17:36

Health: 0/82       AC:  7    Str: 16    XL:     9   Next: 42%
Magic:  8/8        EV: 11    Int:  8    God:    Hepliaklqana [......]
Gold:   397        SH:  5    Dex: 16    Spells: 8/8 levels left

rFire   . . .        b - +1 dagger (venom)
rCold   . . .        (no shield)
rNeg    . . .        l - +1 ring mail
rPois   .            (helmet restricted)
rElec   .            (no cloak)
rCorr   .            (no gloves)
SInv    +            (no boots)
Will    .....        M - amulet of reflection
Stlth   +            y - ring of see invisible
HPRegen 0.33/turn    (no ring)
MPRegen 0.11/turn

%: reflection
@: lethally poisoned (0 -> -5)
A: horns 2, retaliatory headbutt
a: Renounce Religion


You were on level 8 of the Dungeon.
You worshipped Hepliaklqana.
Hepliaklqana was noncommittal.
You visited 2 branches of the dungeon, and saw 9 of its levels.

You collected 440 gold pieces.
You spent 43 gold pieces at shops.

Inventory:

Hand Weapons
 a - a +1 shortbow
 b - a +1 dagger of venom (weapon)
 n - a +0 broad axe
 w - a +4 dire flail of holy wrath
Missiles
 i - 12 boomerangs
 k - 3 curare-tipped darts
 v - 3 atropa-tipped darts
 G - 6 poisoned darts
 K - a throwing net
Armour
 l - a +1 ring mail (worn)
Jewellery
 y - a ring of see invisible (left hand)
 F - a ring of fire
 J - a ring of ice
 M - an amulet of reflection (around neck)
Wands
 x - a wand of polymorph (10)
 B - a wand of flame (32)
 I - a wand of light (12)
 L - a wand of mindburst (14)
Scrolls
 c - a scroll of vulnerability
 d - 2 scrolls of immolation
 h - 4 scrolls of noise
 p - 2 scrolls of teleportation
Potions
 e - a potion of mutation
 f - 2 potions of flight
 g - a potion of might
 j - 6 potions of curing
 m - a potion of lignification
 o - a potion of resistance
 r - 3 potions of attraction
 s - a potion of magic
 u - 2 potions of invisibility
 z - a potion of brilliance
 A - a potion of heal wounds {unknown}
 D - a potion of haste {unknown}
 E - a potion of berserk rage {unknown}


   Skills:
 + Level 8.8 Fighting
 * Level 11.7 Ranged Weapons
 - Level 5.0 Armour
 - Level 2.1 Dodging
 - Level 0.7 Stealth


You had 8 spell levels left.
You didn't know any spells.
Your spell library contained the following spells:

 Spells                   Type           Power      Damage    Failure   Level
 Freeze                   Ice            0%         1d3       61%         1
 Sandblast                Erth           0%         2d4       61%         1
 Slow                     Hex            0%         N/A       61%         1
 Cigotuvi's Dreadful Rot  Necr/Pois/Air  0%         N/A       75%         2
 Passwall                 Tmut/Erth      0%         N/A       75%         2
 Scorch                   Fire           0%         2d5       75%         2
 Confusing Touch          Hex            0%         N/A       93%         3
 Frozen Ramparts          Ice            0%         1d1       93%         3
 Hailstorm                Conj/Ice       0%         3d3       93%         3
 Ignite Poison            Fire/Tmut/Pois 0%         N/A       93%         3
 Inner Flame              Hex/Fire       0%         N/A       93%         3
 Stone Arrow              Conj/Erth      0%         3d7       93%         3
 Vampiric Draining        Necr           0%         2d6       93%         3
 Vhi's Electric Charge    Tloc/Air       0%         N/A       93%         3
 Flame Wave               Conj/Fire      0%         2d4       100%        4
 Ice Form                 Ice/Tmut       0%         N/A       100%        4
 Summon Ice Beast         Ice/Summ       0%         N/A       100%        4
 Arcjolt                  Conj/Air       0%         1d10      100%        5
 Freezing Cloud           Conj/Ice/Air   0%         6-21      100%        5
 Yara's Violent Unravell  Hex/Tmut       0%         3d3       100%        5
 Plasma Beam              Fire/Air       0%         2x1d11    100%        6
 Summon Cactus Giant      Summ           0%         N/A       100%        6
 Enfeeble                 Hex            0%         N/A       100%        7


Dungeon Overview and Level Annotations

Branches:
Dungeon (8/15)             Temple (1/1) D:7
   Lair: D:8-11

Altars:
Cheibriados
Elyvilon
Fedhas
Hepliaklqana
Kikubaaqudgha
Nemelex Xobeh
Okawaru
Qazlal
Ru
Sif Muna
Uskayaw
Vehumet
Wu Jian
Xom
Zin
The Shining One

Shops:
D:4 *

Annotations:
D:8 Prince Ribbit


Innate Abilities, Weirdness & Mutations

You have a pair of horns on your head.
You reflexively headbutt those who attack you in melee.


Message History

You are too injured to fight recklessly!
Unknown command.
You swap places.
You hear the faint creaking of a portcullis very nearby.
You feel very sick.
Your butterfly disappears in a burst of colours!
Prince Ribbit hits your butterfly!
Your butterfly dies!
Your butterfly disappears in a burst of colours!
The water moccasin barely misses you.
Prince Ribbit blinks!
You hit the howler monkey.
The howler monkey is severely wounded.
You feel very sick.
Your butterfly disappears in a burst of colours! x2
The water moccasin bites you but does no damage.
The howler monkey hits you.
* * * LOW HITPOINT WARNING * * *
The water moccasin closely misses you.
The howler monkey attacks as you move away!
The howler monkey hits you.
* * * LOW HITPOINT WARNING * * *
Prince Ribbit attacks as you move away! You block Prince Ribbit's attack.
You feel sick.
Your butterfly disappears in a burst of colours! x2
Prince Ribbit hits your butterfly.
Your butterfly dies!
Your butterfly disappears in a burst of colours!
The sleepcap releases spores at you.
* * * LOW HITPOINT WARNING * * *
You are engulfed in a cloud of soporific spores!
You fall asleep.
You wake up.
Unknown command.
You hit the sleepcap.
The sleepcap is poisoned.
You headbutt the sleepcap.
The sleepcap is moderately damaged.
You feel sick.
You kill the howler monkey!
The sleepcap releases spores at you but does no damage.
Prince Ribbit hits you!
You die...

......#.... ....... .#
... .....##.# #.. ..
.......## . #...##.#
#.......#.. #...#..##
##..........
#.......####.bb.†.....≈
............!.J.†.....≈
#..........@F..b....≈
##.....<..b.Sf.......≈
.##..b.......b.(.......≈
..............>b..###..≈
...............#b... #≈
.#.#########.###.#... #
..# #.#.... ##.. ..####.
...


You could see Prince Ribbit, a water moccasin, a sleepcap (very poisoned) and a
jelly.

Vanquished Creatures
  Sigmund (D:6)
  A steam dragon (D:6)
  Menkaure (D:5)
  2 water moccasins (D:7)
  An orc warrior (D:7)
  A sky beast (D:7)
  2 black bears
  3 ice beasts
  2 ogres
  A phantom (D:5)
  5 scorpions
  3 wights (D:7)
  3 howler monkeys (D:8)
  3 jellies
  An orc priest (D:7)
  4 hounds
  A gnoll bouda (D:6)
  Jessica (D:2)
  2 iguanas
  Natasha (twice) (D:2)
  An orc wizard (D:7)
  13 gnolls
  7 adders
  A shadow imp (D:7)
  2 white imps
  3 worms
  7 dart slugs
  8 orcs
  4 endoplasms
  2 giant cockroaches
  10 hobgoblins
  6 jackals (D:1)
  4 quokkas
  10 ball pythons
  11 bats
  5 frilled lizards
  9 goblins
  8 kobolds
  A rat (D:3)
152 creatures vanquished.

Vanquished Creatures (others)
  An iguana (D:6)
1 creature vanquished.

Grand Total: 153 creatures vanquished

Notes
Turn   | Place    | Note
-------+----------+-------------------------------------------
     0 | D:1      | porpoise the Minotaur Hunter began the quest for the Orb.
     0 | D:1      | Reached XP level 1. HP: 18/18 MP: 0/0
   158 | D:1      | Reached XP level 2. HP: 25/25 MP: 1/1
   275 | D:1      | Reached skill level 5 in Ranged Weapons
   569 | D:1      | Reached XP level 3. HP: 31/31 MP: 2/2
  1001 | D:2      | Reached XP level 4. HP: 35/38 MP: 3/3
  1045 | D:2      | Noticed Natasha
  1052 | D:2      | Killed Natasha
  1053 | D:2      | Reached skill level 1 in Armour
  1119 | D:2      | Noticed Jessica
  1121 | D:2      | Killed Jessica
  1122 | D:2      | Reached skill level 6 in Ranged Weapons
  1397 | D:2      | Noticed Natasha
  1409 | D:2      | Killed Natasha
  1410 | D:2      | Reached XP level 5. HP: 15/46 MP: 4/4
  1922 | D:3      | Noticed an ogre
  1930 | D:3      | Killed an ogre
  2428 | D:3      | Reached XP level 6. HP: 53/53 MP: 5/5
  2457 | D:3      | Found a faded altar of an unknown god.
  2762 | D:4      | Found Muvu's Assorted Antiques.
  2891 | D:3      | Reached skill level 7 in Ranged Weapons
  3083 | D:4      | Noticed an ice beast
  3094 | D:4      | Killed an ice beast
  3095 | D:4      | Reached skill level 5 in Fighting
  3258 | D:4      | Bought a scroll labelled VOSCHU RITAZYCI for 23 gold pieces
  3258 | D:4      | Bought a lumpy grey potion for 20 gold pieces
  3546 | D:4      | Reached XP level 7. HP: 61/61 MP: 6/6
  4040 | D:5      | Entered Level 5 of the Dungeon
  4185 | D:5      | Noticed Edmund
  4192 | D:5      | Edmund changed into Edmund the worm
  4192 | D:5      | Noticed Edmund
  4212 | D:5      | Killed Edmund the worm
  4550 | D:5      | Reached skill level 8 in Ranged Weapons
  5050 | D:5      | Noticed Menkaure
  5055 | D:5      | Found a glowing golden altar of the Shining One.
  5077 | D:5      | Killed Menkaure
  5078 | D:5      | Reached XP level 8. HP: 27/70 MP: 7/7
  5229 | D:5      | Found an iron altar of Okawaru.
  5293 | D:5      | Reached skill level 5 in Armour
  5661 | D:6      | Reached skill level 9 in Ranged Weapons
  6353 | D:6      | Noticed Sigmund
  6359 | D:6      | Killed Sigmund
  6360 | D:6      | Reached skill level 10 in Ranged Weapons
  6689 | D:7      | Identified the +0 robe of Jionan {*Corrode rC+++ Regen+
                  | Str-5}
  6923 | D:7      | Reached XP level 9. HP: 81/81 MP: 8/8
  7165 | D:7      | Reached skill level 11 in Ranged Weapons
  7952 | D:7      | Found a staircase to the Ecumenical Temple.
  7958 | Temple   | Entered the Ecumenical Temple
  8073 | Temple   | Became a worshipper of Hepliaklqana the Forgotten
  8170 | D:8      | Noticed Prince Ribbit
  8183 | D:8      | Slain by Prince Ribbit

Illustrated notes

Levels and vault maps discovered:
D:1:      mrwooster_arrival_statue_3, layout_basic
D:2:      layout_loops_ring, uniq_natasha, uniq_jessica
D:3:      kennysheep_six_static_rooms, layout_basic,
          chequers_ecumenical_altar_simple, kennysheep_nub
D:4:      layout_loops_ring, serial_shops, nicolae_shop_overgrown_old_shop
D:5:      layout_basic, mainiacjoe_overflow_two_lobes,
          kennysheep_generic_room_6, uniq_edmund, uniq_menkaure
D:6:      layout_loops_corners, uniq_sigmund
D:7:      layout_rooms, minmay_temple_entry_hall, kennysheep_generic_room_14
D:8:      layout_cave_pools, enter_bailey_7, nicolae_island_escapes,
          uniq_prince_ribbit1
Temple:   nicolae_temple_slightly_damp_pantheon

Skill      XL: |  1  2  3  4  5  6  7  8  9 |
---------------+----------------------------+-----
Fighting       | 3 4 5 6 7 8 |  8.8
Ranged Weapons | 5 6 7 8 10 11 | 11.7
Armour         | 1 2 3 4 5 |  5.0
Dodging        | |  2.1
Stealth        | |  0.7

Action                     |  1- 3 |  4- 6 |  7- 9 || total
---------------------------+-------+-------+-------++-------
  Melee: Dire flail        |       |       |    11 ||    11
         Dagger            |       |       |    19 ||    19
         Headbutt          |       |       |     4 ||     4
   Fire: Shortbow          |   109 |   168 |   320 ||   597
  Evoke: Wand              |       |       |     1 ||     1
    Use: Scroll            |       |     9 |    10 ||    19
         Potion            |       |       |     2 ||     2
 Armour: Leather armour    |     9 |       |       ||     9
         Ring mail         |     2 |    24 |    55 ||    81
  Dodge: Dodged            |    30 |    56 |   134 ||   220
  Block: Other             |       |       |    10 ||    10
